cohdb
Replays
Latest Replays
All Replays
Popular Replays
Top Player Replays
Match Explorer
How It Works
Community
CoH3 Stats
Reddit
Sign in to upload your games and track your stats! →
Sign in with Steam
Match 45656477
Unlisted
Match 45656477
Overview
Messages
Build Orders
End
Scout Squad
Construct Weapon Support Center
M1919 Machine Gun Team
Bazooka Squad
M1919 Machine Gun Team
Air Support Center
M3 Armored Personnel Carrier
Engineer Squad
Selects Armored Battlegroup
Selects Veteran Crews
M3 Armored Personnel Carrier
Mortar Pit
Mortar Pit
Construct Tank Depot
P-47 Strafing Run
Bazooka Squad
M4A1 Sherman Medium Tank
Selects Strength in Steel
.30 cal Machine Gun
Grasshopper Recon Run
Selects Seek and Destroy
Engineer Squad
Air Supply
P-47 Strafing Run
Selects UNKNOWN (2160077)
M4A3E8 Sherman Easy Eight
Grasshopper Recon Run
P-47 Strafing Run
P-47 Dive Bomb
Seek and Destroy
M4A3E8 Sherman Easy Eight
Selects Field Repairs
Field Repairs
M1919 Machine Gun Team
P-47 Strafing Run
Grasshopper Recon Run
M3 Armored Personnel Carrier
Scout Squad
Selects War Machine
P-47 Dive Bomb
M4A3E8 Sherman Easy Eight
Engineer Squad
Bazooka Squad
Bazooka Squad
Field Repairs
Seek and Destroy
P-47 Strafing Run
Engineer Squad
M3 Armored Personnel Carrier
Field Repairs
Grasshopper Recon Run
M4A3E8 Sherman Easy Eight
battlenationaka
T0MMY
Pioneer Combine
UtataNation 🛌🌟
Dune_el
MysteryRanch79
SUPER_NOOB
wpedsa
0
0
Comments
sign in to comment!
No comments posted yet!